 Dungeon Crawl Stone Soup version 0.18-a0-1285-g60d00e1 (webtiles) character file.

25 ololoev the Firebug (level 2, -3/15 HPs)
             Began as a Deep Elf Fire Elementalist on Feb 8, 2016.
             Killed from afar by Ijyb (16 damage)
             ... with a wand of acid
             ... on level 3 of the Dungeon.
             The game lasted 00:01:55 (265 turns).

ololoev the Firebug (Deep Elf Fire Elementalist)     Turns: 265, Time: 00:01:56

Health: -3/15      AC:  2    Str:  5    XL:     2   Next: 82%
Magic:  2/8        EV: 13    Int: 19    God:
Gold:   0          SH:  0    Dex: 15    Spells: 1 memorised, 6 levels left

rFire  . . .     SeeInvis .     (no weapon)
rCold  . . .     Gourm    .     a - +0 robe
rNeg   . . .     Faith    .     (no shield)
rPois  .         Spirit   .     (no helmet)
rElec  .         Dismiss  .     (no cloak)
rCorr  .         Reflect  .     (no gloves)
SustAt .         Harm     .     (no boots)
MR     .....                    (no amulet)
Stlth  +.........               (no ring)
                                d - ring of loudness (curse)

@: not resistant to hostile enchantments, very unstealthy
A: no striking features
a: no special abilities

Inventory:

Armour
 a - a +0 robe (worn)
Jewellery
 d - a cursed ring of loudness (left hand)
Scrolls
 e - a scroll of teleportation {unknown}
Books
 b - a book of Flames

   Spells                             Type                      Level
   a - Flame Tongue                   Conjuration/Fire             1
   b - Throw Flame                    Conjuration/Fire             2
   c - Conjure Flame                  Conjuration/Fire             3
   d - Inner Flame                    Hexes/Fire                   3
   e - Sticky Flame                   Conjuration/Fire             4
   f - Fireball                       Conjuration/Fire             5
Comestibles
 c - a bread ration


   Skills:
 - Level 2.4 Dodging
 - Level 2.4 Stealth
 + Level 3.4 Spellcasting
 * Level 2.1 Conjurations
 + Level 3.8 Fire Magic


You had 6 spell levels left.
You knew the following spells:

 Your Spells              Type           Power        Failure   Level  Hunger
a - Flame Tongue          Conj/Fire      ##...        6%          1    None


You were on level 3 of the Dungeon.
You were not hungry.

You visited 1 branch of the dungeon, and saw 3 of its levels.

.......|..# #.#
##g.......# #)#
..........#
#.#####
.......?..#
#.....# #%#
#.##### #.# #.#
#.# ###### #.#
#†###....# #.#
#..@.....# #.#
#..###.#.# #.#
#..##....#####.#
#.g##..#.......#
#.........######
##....##.##
#######.# ###

Notes
Turn   | Place    | Note
--------------------------------------------------------------
     0 | D:1      | ololoev the Deep Elf Fire Elementalist began the quest for the Orb.
     0 | D:1      | Reached XP level 1. HP: 10/10 MP: 6/6
   142 | D:2      | Reached XP level 2. HP: 9/15 MP: 0/8
   244 | D:3      | Noticed Ijyb
   265 | D:3      | Killed from afar by Ijyb

Dungeon Overview and Level Annotations

Branches:
Dungeon (3/15)

Altars:

Annotations:
D:3 Ijyb


Message History

Aim: a bat The flame tongue misses the bat.
The bat hits you but does no damage.
Casting: Flame Tongue
Confirm with . or Enter, or press ? or * to list all spells.
Aiming: Flame Tongue
Press: ? - help, Shift-Dir - straight line, f/p - bat
Aim: a bat The flame tongue misses the bat.
The bat barely misses you.
Ijyb the Twisted Goblin comes into view.
The bat barely misses you.
There is an open door here.
You see here an adder corpse.
You butcher the adder corpse.
Ijyb shouts!
The bat hits you.
There is an open door here.
You see here a chunk of flesh.
Press: ? - help, v - describe, . - travel, g - get item A chunk of flesh.
An open door.
The bat closely misses you.
Press: ? - help, v - describe, . - travel The floor, spattered with blood.
The bat barely misses you. The bat hits you but does no damage.
The bat closely misses you. The bat completely misses you.
Casting: Flame Tongue
Confirm with . or Enter, or press ? or * to list all spells.
Aiming: Flame Tongue
Press: ? - help, Shift-Dir - straight line, f/p - bat
Aim: a bat The flame tongue hits the bat.
You kill the bat!
Press: ? - help, v - describe, . - travel
Here: Ijyb, wearing a leather armour The floor.
You see here a giant gecko corpse.
Ijyb zaps a wand.
The bolt of acid hits you!
Ouch! That really hurt!
You die...

You could see Ijyb.

Vanquished Creatures
  An adder (D:3)
  2 giant geckos
  An orc (D:3)
  2 bats
  2 goblins (D:2)
  A hobgoblin (D:2)
  A kobold (D:1)
  2 rats
12 creatures vanquished.

Action                   || total
-------------------------++-------
 Cast: Flame Tongue      ||    26

Vault maps used:
D:1:      dpeg_arrival_ternary, serial_forest, infiniplex_forest_straight_2,
          infiniplex_forest_lined_3_way, infiniplex_forest_clump_small,
          infiniplex_forest_lined_1, infiniplex_forest_lined_1,
          infiniplex_forest_lined_corner, infiniplex_forest_join,
          hangedman_decor_peaks_small
D:2:      minmay_rat_gold_closets
D:3:      tgw_sif, ecumenical_altar_2, uniq_iyjb
